 Dungeon Crawl Stone Soup version 0.27-a0-416-gca2cecf3c0 (webtiles) character file.

Game seed: 13607116509960166993

11 rageheart7 the Sneak (level 2, -3/24 HPs)
             Began as a Demonspawn Delver on Feb 24, 2021.
             Slain by an adder (4 damage)
             ... on level 3 of the Dungeon.
             The game lasted 00:00:42 (175 turns).

rageheart7 the Sneak (Demonspawn Delver)             Turns: 175, Time: 00:00:43

Health: -3/24      AC:  3    Str: 12    XL:     2   Next: 13%
Magic:  2/2        EV: 12    Int: 11    God:
Gold:   42         SH:  0    Dex: 14    Spells: 1/1 levels left

rFire    . . .     SeeInvis .   a - +0 falchion
rCold    . . .     Faith    .   (no shield)
rNeg     . . .     Spirit   .   b - +0 leather armour
rPois    .         Reflect  .   (helmet restricted)
rElec    .         Harm     .   (no cloak)
rCorr    .         Rampage  .   (no gloves)
Will     .....                  (no boots)
Stlth    ++........             (no amulet)
HPRegen  0.08/turn              (no ring)
MPRegen  0.08/turn              (no ring)

@: lethally poisoned (-3 -> -11)
A: antennae 1
a: no special abilities


You were on level 3 of the Dungeon.
You visited 1 branch of the dungeon, and saw 3 of its levels.

You collected 42 gold pieces.

Inventory:

Hand Weapons
 a - a +0 falchion (weapon)
Armour
 b - a +0 leather armour (worn)
Wands
 g - a wand of digging (3)
Scrolls
 c - a scroll of fog
 d - a scroll of magic mapping
 e - a scroll of fear
 j - a scroll of enchant weapon {unknown}
Potions
 f - a potion of haste
 h - a potion of might {unknown}
 i - 2 potions of mutation {unknown}


   Skills:
 * Level 3.6 Fighting
 - Level 1.7 Long Blades
 + Level 1.9 Dodging
 - Level 4.5 Stealth


You had one spell level left.
You didn't know any spells.
Your spell library was empty.

Dungeon Overview and Level Annotations

Branches:
Dungeon (5/15)
 Temple: D:4-7

Altars:


Innate Abilities, Weirdness & Mutations

You have a pair of small antennae on your head.


Message History

The adder misses you.
Found 14 gold pieces.
You completely miss the adder. The hound closely misses you.
The adder bites you. The hound closely misses you.
You miss the adder. The adder bites you. The hound barely misses you.
The adder completely misses you.
The hound pauses to sniff the ground.
The hound barely misses you.
You slash the adder!
The adder is severely wounded.
The hound misses you. The adder bites you. The hound bites you.
The hound bites you but does no damage. The adder bites you.
You are poisoned.
The adder poisons you!
Found a stone staircase leading down.
You feel sick. The hound bites you. The hound closely misses you.
You riposte.
You miss the hound. The adder bites you.
* * * LOW HITPOINT WARNING * * *
You are lethally poisoned!
The adder poisons you! The hound bites you.
* * * LOW HITPOINT WARNING * * *
There is a stone staircase leading up here.
* * * LOW HITPOINT WARNING * * *
You feel sick. The hound closely misses you. The adder barely misses you.
You climb upwards.
An orc comes into view. It is wielding a +0 war axe.
* * * LOW HITPOINT WARNING * * *
You feel sick.
There is a stone staircase leading down here.
You are too injured to fight recklessly!
You are too injured to fight recklessly!
You are too injured to fight recklessly!
You are too injured to fight recklessly!
You miss the adder.
The adder is heavily wounded.
The hound bites you.
* * * LOW HITPOINT WARNING * * *
The adder bites you.
You die...

.....
..o.
#...
#..
#..
#.#
#h#
#@#
#S#
#.#
#.#
..#
...
...
....


You could see a hound, an adder and an orc (asleep).

Vanquished Creatures
  An adder (D:5)
  A leopard gecko (D:5)
2 creatures vanquished.

Notes
Turn   | Place    | Note
-------+----------+-------------------------------------------
     0 | D:5      | rageheart7 the Demonspawn Delver began the quest for the
                  | Orb.
     0 | D:5      | Reached XP level 1. HP: 18/18 MP: 1/1
    50 | D:5      | Gained mutation: You have a pair of small antennae on your
                  | head. [demonic ancestry]
    50 | D:5      | Reached XP level 2. HP: 20/24 MP: 2/2
   175 | D:3      | HP: 1/24 [hound (1)]
   175 | D:3      | Slain by an adder

Illustrated notes

Levels and vault maps discovered:
D:3:      layout_rooms, nicolae_gozag_seed_capital
D:4:      wad_lake_hut, layout_gridville, serial_shops, kennysheep_mini,
          grunt_decor_junction
D:5:      layout_rooms, tso_metal_star, serial_shops, shop_statue,
          kennysheep_cross_bottleneck, hex_medium, uniq_duvessa, uniq_menkaure,
          uniq_blork_the_orc

Action                   || total
-------------------------++-------
Melee: Falchion          ||     7
 Stab: Sleeping          ||     1
Armor: Leather armour    ||     1
Dodge: Dodged            ||    12
       Rpst.: Falchion   ||     1

Table legend: (Time is in decaauts)
 A = Elapsed time spent in this place.
 B = Non-inter-level travel time spent in this place.
 C = Inter-level travel time spent in this place.
 D = Time resting spent in this place.
 E = Time spent auto-exploring this place.
 F = Levels seen in this place.
 G = Mean time per level.
                   A        B        C        D        E       F      G
               +--------+--------+--------+--------+--------+-----+--------+
         Total |    175 |    175 |      0 |      0 |    131 |   3 |   58.3 |
       Dungeon |    175 |    175 |      0 |      0 |    131 |   3 |   58.3 |
               +--------+--------+--------+--------+--------+-----+--------+

Top non-repeatable levels by time:
     D:5: 122 daAuts
     D:4: 52 daAuts
     D:3: 0 daAuts
